 Dungeon Crawl Stone Soup version 0.20.2-3-g29329e0561 (webtiles) character file.

1306 Alfie the Slasher (level 8, -5/70 HPs)
             Began as a Minotaur Fighter on Nov 4, 2020.
             Killed by divine providence
             ... invoked by an orc priest
              (16 damage)
             ... on level 6 of the Dungeon.
             The game lasted 00:14:17 (3826 turns).

Alfie the Slasher (Minotaur Fighter)                Turns: 3826, Time: 00:14:17

Health: -5/70      AC: 10    Str: 22    XL:     8   Next: 32%
Magic:  7/7        EV: 15    Int: 10    God:
Gold:   273        SH: 11    Dex: 16    Spells: 7/7 levels left

rFire    . . .     SeeInvis .   a - +0 long sword
rCold    . . .     Gourm    .   c - +0 shield
rNeg     + . .     Faith    .   i - +1 scale mail
rPois    .         Spirit   .   (helmet restricted)
rElec    .         Reflect  .   (no cloak)
rCorr    .         Harm     .   (no gloves)
MR       .....                  (no boots)
Stlth    +.........             (no amulet)
Regen    0.3/turn               w - ring of positive energy
MPRegen  0.1/turn               (no ring)

@: brilliant, agile
A: retaliatory headbutt, horns 2, slimy green scales 1, blink, high mp 1,
subdued magic 1
a: Blink


You were on level 6 of the Dungeon.
You were not hungry.

You visited 1 branch of the dungeon, and saw 6 of its levels.
You also visited: Sewer.

You collected 273 gold pieces.

Inventory:

Hand Weapons
 a - a +0 long sword (weapon)
Armour
 c - a +0 shield (worn)
 i - a +1 scale mail (worn)
Jewellery
 d - an uncursed amulet of the gourmand
 e - an uncursed ring of ice
 w - a ring of positive energy (left hand)
 x - an uncursed amulet of magic regeneration {unknown}
Wands
 k - a wand of lightning (10/15)
 s - a wand of paralysis (0/24)
Scrolls
 m - 3 scrolls of remove curse
 p - 2 scrolls of identify
 r - 4 scrolls of teleportation
 u - a scroll of fear
 v - a scroll of recharging
 y - a scroll of blinking {unknown}
Potions
 l - 2 potions of brilliance
 n - a potion of agility
 o - 3 potions of curing
 q - a potion of flight
 t - a potion of magic
 z - a potion of degeneration {unknown}
Comestibles
 b - 5 royal jellies
 f - 3 bread rations
 g - 3 meat rations
 j - 4 fruits


   Skills:
 + Level 5.8 Fighting
 + Level 7.8 Long Blades
 + Level 6.4 Armour
 + Level 2.9 Dodging
 + Level 0.1 Stealth
 + Level 6.5 Shields


You had 7 spell levels left.
You didn't know any spells.

Dungeon Overview and Level Annotations

Branches:
Dungeon (6/15)
 Temple: D:4-7

Altars:
Gozag
Sif Muna
Trog
Zin

Annotations:
D:6 Alfie's ghost, novice MiFi


Innate Abilities, Weirdness & Mutations

You reflexively headbutt those who attack you in melee.
You have a pair of horns on your head.
You are partially covered in slimy green scales. (AC +2)
You can translocate small distances at will.
You have an increased reservoir of magic. (+10% MP)
Your spells are a little easier to cast, but a little less powerful.


Message History

You miss Alfie's ghost.
You headbutt Alfie's ghost, but do no damage.
Alfie's ghost is severely damaged.
You block Alfie's ghost's attack.
You barely miss Alfie's ghost.
Alfie's ghost is severely damaged.
Alfie's ghost closely misses you.
Your shield prevents you from hitting Alfie's ghost.
Alfie's ghost is severely damaged.
Alfie's ghost barely misses you.
You slash Alfie's ghost!
You headbutt Alfie's ghost, but do no damage.
Alfie's ghost is severely damaged.
You block Alfie's ghost's attack.
You hit Alfie's ghost but do no damage.
Alfie's ghost is severely damaged.
You block Alfie's ghost's attack.
The orc priest invokes the aid of Beogh against you.
Beogh smites you!
You die...

###########
#..<......#
#....†....#
#.........##
#..........#
#..........#
#.........@#
..####.####W###
##. #....#o..#
. #
#####.....##...
...............
............###
............#
...[.....!...#
...........#...


You could see an orc priest and Alfie's ghost.

Vanquished Creatures
  Menkaure (D:4)
  2 phantoms
  A centaur (D:5)
  A big kobold (Sewer)
  Blork the orc (D:4)
  2 scorpions
  A crimson imp (D:5)
  2 jellies
  An orc priest (D:5)
  A hound (D:5)
  Terence (D:3)
  2 iguanas
  Ijyb (D:3)
  An orc wizard (D:5)
  7 worker ants
  A hound skeleton (D:4)
  7 adders
  3 gnolls (D:5)
  2 oozes
  An adder skeleton (D:5)
  2 worms
  4 dart slugs
  5 leopard geckos
  3 orcs (D:3)
  13 bats
  10 giant cockroaches
  9 hobgoblins
  10 jackals
  21 kobolds
  2 quokkas (D:3)
  3 ball pythons
  5 frilled lizards
  12 goblins
  A jackal skeleton (D:4)
  13 rats
152 creatures vanquished.

Notes
Turn   | Place    | Note
-------+----------+-------------------------------------------
     0 | D:1      | Alfie the Minotaur Fighter began the quest for the Orb.
     0 | D:1      | Reached XP level 1. HP: 19/19 MP: 0/0
     1 | D:1      | Noticed an electric eel
   101 | D:1      | Reached XP level 2. HP: 27/27 MP: 1/1
   399 | D:1      | Reached XP level 3. HP: 29/33 MP: 2/2
   407 | D:1      | Reached skill level 3 in Long Blades
   854 | D:2      | Reached XP level 4. HP: 30/40 MP: 3/3
  1089 | D:2      | Found a deep blue altar of Sif Muna.
  1246 | D:3      | Noticed Terence
  1256 | D:3      | Killed Terence
  1313 | D:3      | Reached skill level 4 in Long Blades
  1343 | D:3      | Reached XP level 5. HP: 39/47 MP: 4/4
  1378 | D:3      | Found a glowing drain.
  1393 | Sewer    | Entered a sewer
  1457 | Sewer    | Gained mutation: You have an increased reservoir of magic. (+10% MP) [potion of mutation]
  1457 | Sewer    | Gained mutation: Your spells are a little easier to cast, but a little less powerful. [potion of mutation]
  1457 | Sewer    | Gained mutation: You can translocate small distances at will. [potion of mutation]
  1457 | Sewer    | Gained mutation: You are partially covered in slimy green scales. (AC +2) [potion of mutation]
  1523 | Sewer    | Reached skill level 5 in Armour
  1775 | D:3      | Found a bloodstained altar of Trog.
  1947 | D:3      | Found a glowing silver altar of Zin.
  1947 | D:3      | Found an opulent altar of Gozag.
  1988 | D:3      | Noticed Ijyb
  2001 | D:3      | Reached XP level 6. HP: 53/53 MP: 5/5
  2017 | D:3      | Killed Ijyb
  2017 | D:3      | Reached skill level 5 in Shields
  2111 | D:4      | Noticed Menkaure
  2125 | D:4      | Killed Menkaure
  2125 | D:4      | Reached skill level 5 in Long Blades
  2125 | D:4      | Reached skill level 1 in Dodging
  2242 | D:4      | Noticed Blork the orc
  2247 | D:4      | Killed Blork the orc
  2498 | D:4      | Reached skill level 5 in Fighting
  2498 | D:4      | Reached XP level 7. HP: 53/61 MP: 6/6
  2701 | D:4      | Reached skill level 6 in Long Blades
  2956 | D:5      | Entered Level 5 of the Dungeon
  3109 | D:5      | Reached skill level 7 in Long Blades
  3307 | D:5      | Reached XP level 8. HP: 55/69 MP: 7/7
  3634 | D:6      | Noticed Alfie's ghost (novice MiFi)
  3802 | D:6      | HP: 2/70 [Alfie's ghost (14)]
  3826 | D:6      | Killed from afar by an orc priest

Skill      XL: |  1  2  3  4  5  6  7 |
---------------+----------------------+-----
Fighting       | 4 5 |  5.8
Armour         | 4 5 6 |  6.4
Long Blades    | 3 4 5 7 |  7.8
Shields        | 4 5 6 |  6.5
Dodging        | 1 2 |  2.9
Stealth        | |  0.1

Action                   |  1- 3 |  4- 6 |  7- 9 || total
-------------------------+-------+-------+-------++-------
Melee: Long sword        |    83 |   213 |   181 ||   477
       Headbutt          |    15 |    39 |    36 ||    90
  Use: Scroll            |     3 |     6 |     2 ||    11
       Potion            |       |     9 |     6 ||    15
  Eat: Bread ration      |       |     2 |       ||     2
       Royal jelly       |       |       |     1 ||     1
Armor: Scale mail        |    42 |   118 |    55 ||   215
Dodge: Dodged            |    34 |    77 |    59 ||   170
Block: Shield            |    41 |   131 |   102 ||   274
       Rpst.: Long sword |    10 |    22 |    22 ||    54
